 Dungeon Crawl Stone Soup version 0.23-a0-319-gb40ba49 (webtiles) character file.

544 namelastname112 the Skirmisher (level 7, -4/63 HPs)
             Began as a Purple Draconian Wanderer on Oct 14, 2018.
             Killed by divine providence
             ... invoked by an orc priest
              (11 damage)
             ... on level 4 of the Dungeon.
             The game lasted 00:09:41 (4643 turns).

namelastname112 the Skirmisher (DrWn)               Turns: 4643, Time: 00:09:42

Health: -4/63      AC: 13    Str: 14    XL:     7   Next: 6%
Magic:  7/7        EV: 13    Int: 15    God:
Gold:   238        SH:  0    Dex: 10    Spells: 6/6 levels left

rFire    . . .     SeeInvis .   y - +2 spear (chaos)
rCold    . . .     Gourm    .   (no shield)
rNeg     + . .     Faith    .   (armour unavailable)
rPois    .         Spirit   .   (helmet restricted)
rElec    .         Reflect  .   (no cloak)
rCorr    .         Harm     .   k - +0 pair of gloves
MR       +....                  t - +0 pair of boots
Stlth    +.........             (no amulet)
HPRegen  0.20/turn              h - ring of positive energy
MPRegen  0.10/turn              w - +5 ring of protection

@: no status effects
A: breathe power, unfitting armour, cold-blooded, AC +6
a: Breathe Dispelling Energy


You were on level 4 of the Dungeon.
You were not hungry.

You visited 1 branch of the dungeon, and saw 4 of its levels.
You also visited: Sewer.

You collected 238 gold pieces.

Inventory:

Hand Weapons
 b - a +2 blowgun
 e - a +2 dagger of protection
 r - a +0 club of chaos
 y - a +2 spear of chaos (weapon)
Missiles
 a - 2 curare-tipped needles
 c - a throwing net (quivered)
 n - 56 poisoned needles
Armour
 k - a +0 pair of gloves (worn)
 t - a +0 pair of boots (worn)
Jewellery
 h - a ring of positive energy (left hand)
 i - an uncursed ring of resist corrosion
 w - a +5 ring of protection (right hand)
Scrolls
 g - 2 scrolls of teleportation
 j - a scroll of blinking {unknown}
 l - 3 scrolls of remove curse {unknown}
 p - a scroll of enchant weapon {unknown}
 u - 2 scrolls of random uselessness {unknown}
 x - 2 scrolls of amnesia {unknown}
 A - 3 scrolls of identify
Potions
 d - 2 potions of flight
 m - 2 potions of heal wounds
 o - 2 potions of haste {unknown}
 q - 2 potions of curing {unknown}
 s - 2 potions of magic {unknown}
 v - a potion of cancellation
Comestibles
 f - 12 rations
 z - 2 chunks of flesh


   Skills:
 + Level 6.1 Fighting
 - Level 2.0 Maces & Flails
   Level 3.6 Bows
 - Level 2.1 Throwing
 + Level 4.4 Dodging


You had 6 spell levels left.
You didn't know any spells.
Your spell library was empty.

Dungeon Overview and Level Annotations

Branches:
Dungeon (4/15)
 Temple: D:4-7

Altars:
Ashenzari
Dithmenos
Elyvilon
Fedhas
Ru
Xom
Yredelemnul

Annotations:
D:2 exclusion: oklob plant
D:4 Grinder


Innate Abilities, Weirdness & Mutations

You can breathe bolts of dispelling energy.
Your rich purple scales are hard. (AC +6)
You cannot fit into any form of body armour.
You are cold-blooded and may be slowed by cold attacks.


Message History

The gnoll completely misses you.
You completely miss the orc.
The orc is heavily wounded.
The orc priest hits you with a quarterstaff.
* * * LOW HITPOINT WARNING * * *
The gnoll barely misses you. The orc hits you with a club.
* * * LOW HITPOINT WARNING * * *
The orc closely misses you.
You barely miss the orc.
The orc is heavily wounded.
The gnoll hits you but does no damage. The orc priest barely misses you.
The orc hits you but does no damage. The gnoll misses you. The orc misses you.
You take 4 damage, and have 6/63 hp.
You hit the orc.
You kill the orc!
The orc priest closely misses you. The gnoll hits you but does no damage.
The orc hits you but does no damage. The gnoll closely misses you.
The orc priest mumbles some strange prayers to Beogh against you.
Beogh smites you!
You die...

# #.......................
###......................
.....#..#.####.........#
..<.....#....'.........#
.....##.##.#####.......###
.....##...##...##......'..
#........##....g##.....##
#.##.#...#.....go#.#####
...#.#...#..._.g@..#
...#.#...#......o###
##.#.#...##....?##
...#.#...###...#
####.#...# #### #.##.#...#
#.###### #....#...# ..
#......# .........#
#.##.....)# ..#####..#
..#......#


You could see an orc priest, 3 gnolls and an orc.

Vanquished Creatures
  A crocodile (Sewer)
  2 scorpions
  An orc priest (D:4)
  An iguana (D:4)
  An orc wizard (D:3)
  Robin (D:4)
  5 gnolls (D:3)
  7 adders
  An ooze (D:2)
  6 worms
  6 dart slugs
  3 leopard geckos
  9 orcs
  11 giant cockroaches
  22 goblins
  13 hobgoblins
  6 jackals
  9 kobolds
  A quokka (D:2)
  2 ball pythons
  5 bats
  3 frilled lizards
  13 rats
129 creatures vanquished.

Notes
Turn   | Place    | Note
-------+----------+-------------------------------------------
     0 | D:1      | namelastname112 the Draconian Wanderer began the quest for
                  | the Orb.
     0 | D:1      | namelastname112 set off with: 2 curare-tipped needles, a +2
                  | blowgun, a +0 hand crossbow, 25 bolts, a potion of
                  | lignification, a ration
     0 | D:1      | Reached XP level 1. HP: 17/17 MP: 1/1
   122 | D:1      | Reached XP level 2. HP: 25/25 MP: 2/2
   328 | D:1      | Reached skill level 3 in Fighting
   446 | D:1      | Reached skill level 1 in Dodging
   452 | D:1      | Reached XP level 3. HP: 19/31 MP: 3/3
  1443 | D:2      | Reached XP level 4. HP: 36/40 MP: 4/4
  1781 | D:2      | Reached skill level 4 in Fighting
  1826 | D:2      | Reached XP level 5. HP: 9/47 MP: 5/5
  2146 | D:2      | Found a blossoming altar of Fedhas.
  2163 | D:2      | Noticed an oklob plant
  2296 | D:3      | Found a basalt altar of Yredelemnul.
  2469 | D:3      | Found a glowing drain.
  2531 | D:3      | Reached skill level 5 in Fighting
  2542 | D:3      | Found a shattered altar of Ashenzari.
  2565 | Sewer    | Entered a sewer
  2660 | Sewer    | Noticed a crocodile
  2679 | Sewer    | Killed a crocodile
  2679 | Sewer    | Reached XP level 6. HP: 43/56 MP: 6/6
  2819 | D:3      | Found a shadowy altar of Dithmenos.
  3064 | D:3      | Found a shimmering altar of Xom.
  3587 | D:4      | Found a sacrificial altar of Ru.
  3635 | D:4      | Noticed Robin
  3670 | D:4      | Killed Robin
  3784 | D:4      | Noticed Grinder
  4194 | D:4      | Paralysed by Grinder for 4 turns
  4208 | D:4      | Reached skill level 6 in Fighting
  4382 | D:4      | Your scales start taking on a rich purple colour.
  4382 | D:4      | Reached XP level 7. HP: 25/63 MP: 7/7
  4632 | D:4      | Found a white marble altar of Elyvilon.
  4643 | D:4      | Killed from afar by an orc priest

Vault maps used:
D:1:      lemuel_arrival_hallway
D:2:      tgw_fedhas
D:3:      lemuel_upstairs_altar, lemuel_crystal_altar,
          overflow_temple_1_default, nicolae_overflow_hidden_temple,
          portal_sewer_entry_b, minivault_5, hex_medium, tgw_xom
D:4:      nicolae_ru_awakened_eye, lemuel_round_altar, lightli_temple_of_fire,
          uniq_robin, uniq_grinder
Sewer:    sewer_the_crocodile

Skill      XL: |  1  2  3  4  5  6 |
---------------+-------------------+-----
Throwing       | 2 |  2.1
Fighting       | 3 4 5 6 |  6.1
Dodging        | 1 2 3 4 |  4.4
Maces & Flails | |  2.0
Bows           | |  3.6

Action                   |  1- 3 |  4- 6 |  7- 9 || total
-------------------------+-------+-------+-------++-------
Melee: Short sword       |   139 |   154 |       ||   293
       Tailslap          |    16 |    30 |     2 ||    48
       Unarmed           |       |    26 |       ||    26
       Dagger            |       |    35 |       ||    35
       Spear             |       |   127 |    15 ||   142
       Club              |       |    22 |       ||    22
 Fire: Hand crossbow     |    18 |       |       ||    18
       Blowgun           |       |     6 |       ||     6
  Use: Potion            |     1 |     2 |       ||     3
       Scroll            |       |     5 |       ||     5
 Stab: Sleeping          |     1 |     2 |       ||     3
  Eat: Chunk             |     2 |     5 |       ||     7
       Ration            |       |     1 |     1 ||     2
Armor: Skin              |    50 |   165 |    10 ||   225
Dodge: Dodged            |    98 |   252 |    20 ||   370

Table legend:
 A = Non-vault XP
 B = Vault XP
 C = Vault XP percentage of total XP
 D = Non-vault monster count
 E = Vault monster count
 F = Vault count percentage of total count
                 A         B        C        D         E       F
            +---------+---------+-------+---------+---------+-------
      Total |     583 |     195 |  25.1 |      94 |      35 |  27.1
            +---------+---------+-------+---------+---------+-------
        D:1 |      44 |       0 |   0.0 |      24 |       0 |   0.0
        D:2 |     183 |       0 |   0.0 |      31 |       0 |   0.0
        D:3 |     195 |      46 |  19.1 |      33 |      16 |  32.7
        D:4 |     161 |      38 |  19.1 |       6 |      13 |  68.4
      Sewer |       0 |     111 | 100.0 |       0 |       6 | 100.0
            +---------+---------+-------+---------+---------+-------
